 Dungeon Sprint DCSS version 0.21.1-1-g345015f (webtiles) character file.

389 Fang the Fighter (level 6, -1/46 HPs)
             Began as a Gargoyle Berserker on July 12, 2018.
             Was a High Priest of Trog.
             Slain by a centaur (4 damage)
             ... in the Dungeon (Sprint VII: "The Pits").
             The game lasted 00:01:01 (322 turns).

Fang the Fighter (Gargoyle Berserker)                Turns: 322, Time: 00:01:02

Health: -1/46      AC:  6    Str: 23    XL:     6   Next: 79%
Magic:  6/6        EV: 14    Int:  7    God:    Trog [*****.]
Gold:   0          SH:  0    Dex:  9    Spells: 5/5 levels left

rFire    . . .     SeeInvis .   n - +0 hand axe (chop)
rCold    . . .     Gourm    .   (no shield)
rNeg     + . .     Faith    .   b - +0 animal skin
rPois    ∞         Spirit   .   (no helmet)
rElec    +         Reflect  .   (no cloak)
rCorr    .         Harm     .   (no gloves)
MR       .....     NoTele   +   (no boots)
Stlth    +.........             (no amulet)
HPRegen  0.15/turn              (no ring)
MPRegen  0.10/turn              (no ring)

@: berserk cooldown, slowed, very slow
A: negative energy resistance 1, electricity resistance, unbreathing,
petrification resistance, rot immunity, AC +4
a: Berserk, Trog's Hand, Brothers in Arms, Burn Spellbooks, Renounce Religion


You were in the Dungeon.
You worshipped Trog.
Trog was extremely pleased with you.
You were not hungry.

You visited 1 branch

Inventory:

Hand Weapons
 n - a +0 hand axe of chopping (weapon)
Armour
 b - a +0 animal skin (worn)
Scrolls
 i - a scroll of blinking
 k - 3 scrolls of remove curse
 l - a scroll of summoning
Potions
 a - 2 potions of invisibility
 d - 6 potions of curing
 e - 6 potions of heal wounds
 f - a potion of haste
 g - 4 potions of magic
 h - 3 potions of berserk rage
Comestibles
 c - 9 rations
 m - a chunk of flesh


   Skills:
 + Level 9.3 Fighting
 + Level 9.0 Axes
 + Level 4.6 Armour
 + Level 4.9 Dodging
 + Level 1.4 Stealth


You had 5 spell levels left.
You didn't know any spells.

Dungeon Overview and Level Annotations

Branches:
Dungeon (1/1)

Altars:
Cheibriados
Dithmenos
Elyvilon
Fedhas
Gozag
Hepliaklqana
Makhleb
Nemelex Xobeh
Okawaru
Qazlal
Ru
Sif Muna
Trog
Vehumet
Wu Jian
Xom
Yredelemnul
Zin
The Shining One
Beogh
Jiyva
Lugonu


Innate Abilities, Weirdness & Mutations

You are resistant to torment.
Your stone body is resilient. (AC +4)
You are immune to poison.
You resist negative energy. (rN+)
You are resistant to electric shocks. (rElec)
You can survive without breathing.
You are immune to petrification.
You are immune to rotting.


Message History

The black bear claws you but does no damage.
The black bear misses you. The centaur barely misses you.
Unknown command.
You barely miss the centaur.
The centaur is severely wounded.
You slash the black bear!
You kill the black bear!
Trog accepts your kill.
Trog will gift you weapons as you gain piety.
Your Fighting skill increases to level 9!
Your Axes skill increases to level 9!
You barely miss the worm.
You are no longer berserk.
You are exhausted.
You feel yourself slow down.
You completely miss the centaur.
The centaur is severely wounded.
You hit the worm but do no damage. The centaur misses you.
The centaur hits you.
You die...

#.##'####))##.....
#.#.†)..#[[##.....
#(#.....#'###...<.
#.#........##.....
#.#........##.....
#'###########.....
#)†.....# ######
#))#.#..# #@## #
#cw.....#
#.##.##.# #.. #
#.. ####


You could see a centaur and a worm.

Vanquished Creatures
  A warg (D)
  A floating eye (D)
  A black bear (D)
  A gnoll shaman (D)
  3 gnolls (D)
  A river rat (D)
  An ooze (D)
  An orc (D)
  2 bats (D)
  2 kobolds (D)
  A quokka (D)
  A ball python (D)
16 creatures vanquished.

Notes
Turn   | Place    | Note
-------+----------+-------------------------------------------
     0 | D        | Fang the Gargoyle Berserker began the quest for the Orb.
     0 | D        | Reached XP level 1. HP: 14/14 MP: 1/1
   101 | D        | Found a bloodstained altar of Trog.
   101 | D        | Found a deep blue altar of Sif Muna.
   101 | D        | Found a viscous altar of Jiyva.
   101 | D        | Found a hazy altar of Hepliaklqana.
   101 | D        | Found an opulent altar of Gozag.
   102 | D        | Found a glowing golden altar of the Shining One.
   102 | D        | Found a glowing silver altar of Zin.
   102 | D        | Found a basalt altar of Yredelemnul.
   102 | D        | Found a shimmering altar of Xom.
   102 | D        | Found an ornate altar of the Wu Jian Council.
   102 | D        | Found a sacrificial altar of Ru.
   102 | D        | Found a stormy altar of Qazlal.
   102 | D        | Found an iron altar of Okawaru.
   102 | D        | Found a sparkling altar of Nemelex Xobeh.
   102 | D        | Found a burning altar of Makhleb.
   102 | D        | Found a blossoming altar of Fedhas.
   102 | D        | Found a white marble altar of Elyvilon.
   102 | D        | Found a shadowy altar of Dithmenos.
   102 | D        | Found a snail-covered altar of Cheibriados.
   104 | D        | Found a radiant altar of Vehumet.
   104 | D        | Found a corrupted altar of Lugonu.
   104 | D        | Found a roughly hewn altar of Beogh.
   157 | D        | Reached ** piety under Trog
   187 | D        | Noticed a floating eye
   189 | D        | Paralysed by a floating eye for 2 turns
   193 | D        | Paralysed by a floating eye for 4 turns
   197 | D        | Killed a floating eye
   197 | D        | Reached XP level 2. HP: 23/23 MP: 2/2
   197 | D        | Reached XP level 3. HP: 28/28 MP: 3/3
   197 | D        | Reached XP level 4. HP: 32/32 MP: 4/4
   206 | D        | Reached *** piety under Trog
   206 | D        | Reached XP level 5. HP: 37/37 MP: 5/5
   304 | D        | Noticed a warg
   309 | D        | Noticed a centaur
   309 | D        | Noticed a black bear
   311 | D        | Killed a warg
   311 | D        | Reached skill level 1 in Stealth
   311 | D        | Reached XP level 6. HP: 17/44 MP: 6/6
   311 | D        | Reached **** piety under Trog
   315 | D        | HP: 3/67 [gnoll/enchanted spear (2)]
   321 | D        | Killed a black bear
   321 | D        | Reached ***** piety under Trog
   322 | D        | Slain by a centaur

Skill      XL: |  1  2  3  4  5  6 |
---------------+-------------------+-----
Axes           | 6 7 9 |  9.0
Fighting       | 6 8 9 |  9.3
Armour         | 3 4 |  4.6
Dodging        | 3 4 |  4.9
Stealth        | 1 |  1.4

Action                   |  1- 3 |  4- 6 || total
-------------------------+-------+-------++-------
Melee: Hand axe          |    21 |    20 ||    41
Invok: Berserk           |       |     2 ||     2
Armor: Animal skin       |    11 |     6 ||    17
Dodge: Dodged            |    20 |    21 ||    41
